[Event "NK Rapid Vrouwen 2019"]
[Site "Amstelveen, Netherlands"]
[Date "2019.12.01"]
[Round "1.1"]
[White "Ratsma, Rosa"]
[Black "Keetman, Maaike"]
[Result "1/2-1/2"]
[TimeControl "15m+10s"]
[WhiteTitle "WIM"]
[WhiteFideId "1033662"]
[BlackFideId "1033697"]
[WhiteElo "2274"]
[BlackElo "2181"]

1. e4 e6 2. d4 d5 3. exd5 exd5 4. Nf3 Bd6 5. c4 Nf6 6. c5 Be7 7. Bd3 O-O 8. O-O b6 9. b4 a5 10.
cxb6 Bxb4 11. bxc7 Qxc7 12. h3 Ba6 13. Be3 Nbd7 14. Bxa6 Rxa6 15. Nbd2 Rc6 16. a3 Bd6 17. Nb3 Ne4 18.
Nc1 Rc3 19. a4 Rb8 20. Ne2 Rc6 21. Rc1 Nb6 22. Re1 h6 23. Nd2 Nxd2 24. Bxd2 Nc4 25. Bc3 Bb4 26. Qd3 Bxc3 27. Rxc3 Nb2 28.
Rxc6 Qxc6 29. Qg3 Rb4 30. Rc1 Qxa4 31.
Rc8+ Kh7 32. Qf3 Qd7 33. Rc5 Rb5 34.
Rxb5 Qxb5 35. Qf5+ Kg8 36. Qc8+ Kh7 37. Qf5+ Kg8 38. Qc8+ Kh7 39. Qf5+ 1/2-1/2

[Event "NK Rapid Vrouwen 2019"]
[Site "Amstelveen, Netherlands"]
[Date "2019.12.01"]
[Round "1.2"]
[White "Haast, Anne"]
[Black "Paulet, Iozefina"]
[Result "1/2-1/2"]
[TimeControl "15m+10s"]
[WhiteTitle "WGM"]
[BlackTitle "WGM"]
[WhiteFideId "1017292"]
[BlackFideId "1213261"]
[WhiteElo "2288"]
[BlackElo "2294"]

1. e4 e6 2. d4 d5 3. Nc3 Nf6 4.
Bg5 Bb4 5. e5 h6 6. Bd2 Bxc3 7. bxc3 Ne4 8. Ne2 Nxd2 9. Qxd2 c5 10. Ng3 Nc6 11. Bb5 Bd7 12. a4 Qa5 13. Nh5 O-O-O 14. Bxc6 Bxc6 15. O-O cxd4 16. Qxd4 g6 17. Nf4 Kb8 18. Qb4 Qxb4 19. cxb4 d4 20. Rfe1 g5 21. Nd3 b6 22. Nb2 Rd5 23.
Ra3 Rc8 24. h4 Be8 25. Re2 Rc3 26. Ra1 gxh4 27. Nd3 Rd8 28. b5 Rdc8 29. Ra2 a6 30. bxa6 R8c4 31. Re4 Ka7 32. Rxh4 Bxa4 33.
Nb2 Bxc2 34. Nxc4 Rxc4 35. Rf4 Bg6 36. Kh2 b5 37. Kg3 d3 38. Kf3 Rc2 39. Ra3 Rc4 40. Rxc4 bxc4 41. Ke3 h5 42. f3 c3 43. Rxc3 Kxa6 44. Rb3 Ka5 45. Kd2 Ka4 46. Rb2 Ka3 47. Kc3 Ka4 48. Rb4+ Ka5 49. Rb8 Ka6 50.
Kd2 Ka5 51. Ke3 Ka6 52. Rb2 Ka5 53. Kd4 Ka4 54. Kc4 Ka3 55. Rd2 Bf5 56. g3 Bg6 57. Rh2 Bf5 58. Kc3 Bg6 59. Rh4 Ka2 60.
Rd4 Kb1 61. Kd2 Kb2 62. Rb4+ Ka3 63. Rb8 Ka4 64. Kc3 Ka5 65. Rb2 Ka4 66. g4 hxg4 67. Rb4+ Ka5 68. Rxg4 Kb5 69. Rxg6 fxg6 70. Kxd3 Kc5 71. Ke3 Kd5 72.
f4 g5 73. fxg5 Kxe5 1/2-1/2

[Event "NK Rapid Vrouwen 2019"]
[Site "Amstelveen, Netherlands"]
[Date "2019.12.01"]
[Round "1.3"]
[White "Peng, Zhaoqin"]
[Black "Lanchava, Tea"]
[Result "1-0"]
[TimeControl "15m+10s"]
[WhiteTitle "GM"]
[BlackTitle "IM"]
[WhiteFideId "1004786"]
[BlackFideId "1005308"]
[WhiteElo "2364"]
[BlackElo "2247"]

1. e4 g6 2. d4 Bg7 3. c4 d6 4. Nc3 Nd7 5. f4 e5 6. fxe5 dxe5 7. d5 Ngf6 8. Be3 O-O 9. Be2 Qe7 10. Nh3 Nc5 11. Nf2 Rd8 12.
O-O c6 13. Qc2 Ne8 14. b4 Na6 15. a3 f5 16. c5 f4 17. Bc1 Nf6 18. dxc6 bxc6 19. Qa4 Nb8 20. Bb2 g5 21. Rad1 Rf8 22.
b5 Qxc5 23. Qc4+ Qxc4 24. Bxc4+ Kh8 25. a4 Bd7 26. Rd6 cxb5 27. axb5 Rc8 28. Be2 Be8 29. Ra1 Nbd7 30. Kf1 Bf8 31. Rda6 Bb4 32. Nd5 Nxd5 33. exd5 Bc5 34. Nd3 Bb6 35. Nxe5 Nxe5 36.
Bxe5+ Kg8 37. R6a2 Bf7 38. Rd2 Be3 39.
Rdd1 Re8 40. Bf6 h6 41. d6 Bb6 42. Bd4 Rxe2 43. Kxe2 Bh5+ 44. Kd3 Bxd1 45. Rxd1 Kf7 46. Re1 Bd8 47. Kc4 h5 48. Kd5 g4 49. Ra1 Rb8 50. Kc6 Ke6 51. Re1 Kf5 52. Bxa7 Rc8+ 53. Kd7 Ra8 54.
b6 Bh4 55. Re8 f3 56. gxf3 gxf3 57. Rxa8 f2 58. Rf8+ Bf6 59. b7 f1=Q 60. b8=Q Qc4 61. Qb1+ Kg5 62. Qg1+ Kf5 63. Qc5+ 1-0

[Event "NK Rapid Vrouwen 2019"]
[Site "Amstelveen, Netherlands"]
[Date "2019.12.01"]
[Round "1.4"]
[White "Roebers, Eline"]
[Black "Jong-Muhren, Bianca de"]
[Result "1-0"]
[TimeControl "15m+10s"]
[BlackTitle "WGM"]
[WhiteFideId "1058401"]
[BlackFideId "1008498"]
[WhiteElo "2102"]
[BlackElo "2249"]

1. e4 c5 2. Nf3 e6 3. d4 cxd4 4. Nxd4 Nc6 5. Nc3 Qc7 6. f4 a6 7. Nxc6 dxc6 8. e5 Ne7 9. Ne4 Nf5 10.
Be2 c5 11. O-O Bd7 12. g4 Nd4 13. c3 Nxe2+ 14. Qxe2 O-O-O 15. Be3 Bc6 16. Bf2 Bxe4 17. Qxe4 Rd2 18. b4 Be7 19. b5 axb5 20. a4 Qc6 21.
Qxc6+ bxc6 22. axb5 Kb7 23. Rfb1 Rhd8 24. c4 cxb5 25. Rxb5+ Kc6 26. Ra7 Bf8 27. Rba5 Rb8 28. R5a6+ Rb6 29. Rxb6+ Kxb6 30. Rxf7 Rd8 31. Bh4 Rb8 32. f5 exf5 33. e6 fxg4 34. e7 Bxe7 35. Rxe7 Ka5 36. Rxg7 h5 37.
Rg5 Rb1+ 38. Kg2 Rb2+ 39. Kg3 Kb4 40. Rxh5 Kxc4 41. Be7 Rb5 42. Kxg4 Kd4 43. Bxc5+ Ke4 44. Bf2 Rb2 45. Bg3 Ra2 46.
Rh8 Kd5 47. h4 Ke6 48. Rf8 Ke7 49. Rf1 Ra4+ 50.
Rf4 Ra8 51. h5 Rg8+ 52. Kh3 Rh8 53. Bh4+ Ke6 54. Kg4 Rg8+ 55. Bg5 Rh8 56. h6 Rh7 57. Kh5 Rh8 58. Bf6 1-0

[Event "NK Rapid Vrouwen 2019"]
[Site "Amstelveen, Netherlands"]
[Date "2019.12.01"]
[Round "2.1"]
[White "Keetman, Maaike"]
[Black "Jong-Muhren, Bianca de"]
[Result "0-1"]
[TimeControl "15m+10s"]
[BlackTitle "WGM"]
[WhiteFideId "1033697"]
[BlackFideId "1008498"]
[WhiteElo "2181"]
[BlackElo "2249"]

1. e4 c5 2. Nf3 e6 3. d4 cxd4 4.
Nxd4 Nc6 5. Nc3 Qc7 6. g3 a6 7. Bg2 h5 8. O-O Nf6 9. Be3 Ng4 10. Bg5 Bc5 11. Nxc6 bxc6 12. Na4 Ba7 13.
c4 a5 14. c5 Ba6 15. Re1 Bb5 16.
Rc1 Rb8 17. h3 Ne5 18. Bf4 f6 19. Nc3 g5 20. Bxe5 Qxe5 21. Qd6 Ba6 22. Na4 Rb4 23. b3 Qxd6 24. cxd6 Kf7 25. Nc5 Bxc5 26.
Rxc5 a4 27. Ra5 Ra8 28. bxa4 e5 29.
Bf1 Bb7 30. Rxa8 Bxa8 31. a5 Ke6 32. a3 Ra4 33. a6 Kxd6 34.
Re3 c5 35. Rd3+ Kc7 36. f3 c4 37. Rc3 d5 38. exd5 Bxd5 39. Kf2 Kb6 40. Ke3 Kc5 41. Bd3 Rxa6 42. Bg6 h4 43. gxh4 gxh4 44. Bf5 Ra7 45. Bg4 Rb7 46.
Bf5 Rb2 47. Bg4 Rb1 48. Bf5 Re1+ 49. Kd2 Rf1 50. Ke2 Kd4 51. Rc2 Ra1 52. Rd2+ Kc5 53. Bg4 Rxa3 54. Rc2 e4 55. fxe4 Bxe4 56. Rb2 f5 57. Bh5 Rxh3 58.
Rb8 Kd4 59. Bf7 Rh2+ 60. Kd1 c3 61. Bb3 c2+ 62. Bxc2 Bxc2+ 63. Ke1 Be4 0-1

[Event "NK Rapid Vrouwen 2019"]
[Site "Amstelveen, Netherlands"]
[Date "2019.12.01"]
[Round "2.2"]
[White "Lanchava, Tea"]
[Black "Roebers, Eline"]
[Result "1-0"]
[TimeControl "15m+10s"]
[WhiteTitle "IM"]
[WhiteFideId "1005308"]
[BlackFideId "1058401"]
[WhiteElo "2247"]
[BlackElo "2102"]

1. Nf3 Nf6 2. g3 g6 3. Bg2 Bg7 4. c4 O-O 5. O-O d6 6. Nc3 Nc6 7. d4 Nd7 8. e4 e5 9. Bg5 Ne7 10.
Qd2 exd4 11. Nxd4 Ne5 12. b3 f6 13. Bh6 Bxh6 14. Qxh6 f5 15. Qd2 fxe4 16. Nxe4 Nf5 17. Nb5 a6 18.
Nbc3 Bd7 19. c5 Bc6 20. cxd6 cxd6 21. Rad1 Qa5 22. Nd5 Qxd2 23. Rxd2 Bxd5 24. Rxd5 Rac8 25. Rd2 Rfd8 26. Rfd1 Kf7 27.
Ng5+ Kg8 28. Bxb7 Rb8 29. Bd5+ Kh8 30. f4 1-0

[Event "NK Rapid Vrouwen 2019"]
[Site "Amstelveen, Netherlands"]
[Date "2019.12.01"]
[Round "2.3"]
[White "Paulet, Iozefina"]
[Black "Peng, Zhaoqin"]
[Result "0-1"]
[TimeControl "15m+10s"]
[WhiteTitle "WGM"]
[BlackTitle "GM"]
[WhiteFideId "1213261"]
[BlackFideId "1004786"]
[WhiteElo "2294"]
[BlackElo "2364"]

1. e4 c6 2. d4 d5 3.
exd5 cxd5 4. Bd3 Nc6 5. c3 Nf6 6. Ne2 Bg4 7. Bf4 e6 8. Na3 Bd6 9. Bxd6 Qxd6 10. O-O O-O 11. Qd2 Bxe2 12.
Qxe2 a6 13. f4 Rfe8 14. Nc2 Ne7 15. Rf3 Qb6 16. Ne3 Nf5 17. Raf1 h5 18. Nd1 Rac8 19. Qe5 Ne4 20. Bxe4 f6 21.
Bxf5 fxe5 22. Bg6 e4 23. Rh3 Rf8 24. Rxh5 Rf6 25. Bh7+ Kf7 26.
g4 Rh6 27. Rxh6 gxh6 28. f5 Kg7 29.
Bg6 e5 30. Ne3 exd4 31. Nxd5 Qxb2 32. Bh5 dxc3 33. f6+ Kf8 34. Ne7 c2 35. Ng6+ Kf7 36. Nf4+ Kxf6 37. Nd3+ Ke6 38. Nxb2 c1=Q 39. Rxc1 Rxc1+ 40. Kf2 Rc2+ 41. Ke3 Rxb2 42.
h4 Ke5 43. Bg6 Rxa2 44. Bxe4 Ra3+ 45. Bd3 b5 46. g5 hxg5 47. hxg5 Rxd3+ 48. Kxd3 0-1

[Event "NK Rapid Vrouwen 2019"]
[Site "Amstelveen, Netherlands"]
[Date "2019.12.01"]
[Round "2.4"]
[White "Ratsma, Rosa"]
[Black "Haast, Anne"]
[Result "1-0"]
[TimeControl "15m+10s"]
[WhiteTitle "WIM"]
[BlackTitle "WGM"]
[WhiteFideId "1033662"]
[BlackFideId "1017292"]
[WhiteElo "2274"]
[BlackElo "2288"]

1. e4 c5 2. Nf3 e6 3. d4 cxd4 4.
Nxd4 Nc6 5. Nc3 Qc7 6. Be3 a6 7. Qd2 Nf6 8. f4 Bb4 9. Bd3 d5 10. e5 Ng4 11. Bg1 h5 12. a3 Be7 13. O-O-O Bd7 14. Kb1 b5 15.
Nxc6 Bxc6 16. Ne2 b4 17. axb4 O-O 18. Nd4 Ba4 19. Rc1 Rfb8 20. c3 Qb7 21. h3 Nh6 22. Qe2 h4 23. Be3 Bd7 24.
Rhg1 a5 25. b5 Nf5 26. Nxf5 exf5 27. b6 Bd8 28. g4 fxg4 29. Rxg4 Bxb6 30. Rg2 Bxe3 31. Qxe3 d4 32. Qe2 dxc3 33.
Rxc3 Bc6 34. Rg1 Bf3 35. Qc2 Ra7 36. f5 Kf8 37. f6 g6 38. Qd2 Be4 39. Rgc1 Bxd3+ 40. Rxd3 Kg8 41. Rc4 Qh1+ 42.
Ka2 Rb4 43. Rd8+ Kh7 44. Rh8+ 1-0

[Event "NK Rapid Vrouwen 2019"]
[Site "Amstelveen, Netherlands"]
[Date "2019.12.01"]
[Round "3.1"]
[White "Peng, Zhaoqin"]
[Black "Ratsma, Rosa"]
[Result "1-0"]
[TimeControl "15m+10s"]
[WhiteTitle "GM"]
[BlackTitle "WIM"]
[WhiteFideId "1004786"]
[BlackFideId "1033662"]
[WhiteElo "2364"]
[BlackElo "2274"]

1. d4 Nf6 2. Nf3 d5 3.
Bf4 c5 4. e3 Nc6 5. c3 Qb6 6. Qb3 c4 7. Qc2 Bf5 8. Qc1 e6 9. Be2 Be7 10. h3 O-O 11. Nbd2 h6 12. O-O Rfc8 13. Re1 Qd8 14. Bd1 b5 15.
Bc2 Ne4 16. Nxe4 Bxe4 17. Bxe4 dxe4 18. Nd2 f5 19. f3 exf3 20. Nxf3 g5 21. Bh2 Bd6 22. Bxd6 Qxd6 23. e4 f4 24.
Qc2 Ne7 25. a4 a6 26. Ne5 b4 27. Qe2 Rab8 28. Qh5 bxc3 29. bxc3 Rb3 30. Qxh6 Rxc3 31. Qxg5+ Kh7 32. Qh5+ Kg7 33.
Qf7+ Kh8 34. Rad1 f3 35. Rf1 Rg8 36. Rxf3 Rxf3 37. Qxf3 1-0

[Event "NK Rapid Vrouwen 2019"]
[Site "Amstelveen, Netherlands"]
[Date "2019.12.01"]
[Round "3.2"]
[White "Roebers, Eline"]
[Black "Paulet, Iozefina"]
[Result "0-1"]
[TimeControl "15m+10s"]
[BlackTitle "WGM"]
[WhiteFideId "1058401"]
[BlackFideId "1213261"]
[WhiteElo "2102"]
[BlackElo "2294"]

1. e4 e6 2. d4 d5 3. Nc3 Nf6 4. Bg5 Bb4 5. e5 h6 6. Bd2 Bxc3 7. bxc3 Ne4 8. Qg4 g6 9. Bd3 Nxd2 10. Kxd2 c5 11. h4 c4 12. Be2 Nc6 13. Nh3 Bd7 14. h5 g5 15. f4 f5 16. exf6 e5 17.
Qf3 e4 18. Qe3 g4 19. Nf2 Rg8 20. f7+ Kxf7 21. f5 Bxf5 22. Qxh6 Qg5+ 23. Qxg5 Rxg5 24. Raf1 Ke6 25. g3 Rh8 26. Rh4 Rhxh5 27. Rxh5 Rxh5 28.
Nxg4 Rg5 29. Ne3 Ne7 30. g4 Bh7 31. Rh1 Rg7 32. Rh6+ Bg6 33. g5 Rh7 34. Bg4+ Kf7 35. Rxh7+ Bxh7 36. Ke2 Bg8 37. Bh5+ Kg7 38.
Kf2 Be6 39. Kg3 Bf7 40. Bxf7 Kxf7 41. Kf4 Ke6 42. Kg4 Ng6 43.
Ng2 b5 44. Kh5 Kf7 45. Ne3 Ne7 46.
Kg4 Kg6 47. Ng2 Kf7 48. Ne3 a5 49. Kf4 Ke6 50. Kg4 b4 51. cxb4 axb4 52. Kh5 Kf7 53. Kg4 Ke6 54. Ng2 Ng6 55. Kh5 Ne7 56. Kg4 Nc6 57.
Nf4+ Kd6 58. g6 Ne7 59. Kg5 Ng8 60. g7 e3 61. Kg6 Kc6 62. Kf7 Nh6+ 63. Kf8 Kb5 64. g8=Q Nxg8 65. Kxg8 Ka4 66. Kf7 Ka3 67. Ke6 Kxa2 68. Nxd5 e2 69. Nxb4+ Kb2 70.
Kd5 e1=Q 71. Kxc4 Qc3+ 0-1

[Event "NK Rapid Vrouwen 2019"]
[Site "Amstelveen, Netherlands"]
[Date "2019.12.01"]
[Round "3.3"]
[White "Haast, Anne"]
[Black "Keetman, Maaike"]
[Result "1-0"]
[TimeControl "15m+10s"]
[WhiteTitle "WGM"]
[WhiteFideId "1017292"]
[BlackFideId "1033697"]
[WhiteElo "2288"]
[BlackElo "2181"]

1. e4 e6 2. d4 d5 3. Nc3 Nf6 4. Bg5 dxe4 5. Nxe4 Be7 6. Nxf6+ Bxf6 7. Bxf6 Qxf6 8. Nf3 O-O 9. Qd2 c5 10.
O-O-O Rd8 11. Bd3 cxd4 12. Ng5 h6 13. Ne4 Qe7 14. g4 e5 15. Rdg1 Kh8 16. g5 h5 17. g6 f6 18. Qd1 Bg4 19.
Rxg4 hxg4 20. Qxg4 Kg8 21. Qh3 Qe8 22. Bc4+ Kf8 23. Qh8+ Ke7 24. Qxg7+ 1-0

[Event "NK Rapid Vrouwen 2019"]
[Site "Amstelveen, Netherlands"]
[Date "2019.12.01"]
[Round "3.4"]
[White "Jong-Muhren, Bianca de"]
[Black "Lanchava, Tea"]
[Result "1-0"]
[TimeControl "15m+10s"]
[WhiteTitle "WGM"]
[BlackTitle "IM"]
[WhiteFideId "1008498"]
[BlackFideId "1005308"]
[WhiteElo "2249"]
[BlackElo "2247"]

1. e4 g6 2. d4 Bg7 3. Nc3 d6 4.
f4 e6 5.
Nf3 Ne7 6. Be3 b6 7. Bd3 Bb7 8. O-O O-O 9. f5 exf5 10. exf5 Nd7 11. Qd2 c5 12. fxg6 hxg6 13. Nb5 Nf6 14.
Bf4 Ne8 15. c3 a6 16. Na3 b5 17. Rad1 c4 18. Bb1 Qd7 19. Rde1 Nf6 20. Bh6 Ng4 21. Bg5 f6 22. Bf4 Nd5 23.
Bxg6 f5 24. Bg5 Ndf6 25. h3 Ne4 26. Qf4 Nxg5 27. Nxg5 Qc6 28. Re2 Nh6 29. Nc2 Rf6 30. Bh5 Raf8 31. Rfe1 Kh8 32. Nb4 Qb6 33.
Re7 a5 34. Nc2 Qc6 35. Bf3 d5 36. Rc7 Qb6 37. Ree7 Rg6 38. Rxb7 1-0

[Event "NK Rapid Vrouwen 2019"]
[Site "Amstelveen, Netherlands"]
[Date "2019.12.01"]
[Round "4.1"]
[White "Ratsma, Rosa"]
[Black "Roebers, Eline"]
[Result "1-0"]
[TimeControl "15m+10s"]
[WhiteTitle "WIM"]
[WhiteFideId "1033662"]
[BlackFideId "1058401"]
[WhiteElo "2274"]
[BlackElo "2102"]

1. e4 c5 2. Nf3 e6 3. d4 cxd4 4. Nxd4 Nc6 5. Nc3 Qc7 6. Be3 a6 7. Qd2 Nf6 8. f4 Bb4 9. Bd3 Na5 10.
a3 Bxc3 11. Qxc3 Qxc3+ 12. bxc3 d5 13. exd5 exd5 14. Nb3 Nc4 15. Bd4 O-O 16. Bxf6 gxf6 17. O-O Re8 18. Rf3 b6 19. Nd4 Nd6 20.
a4 Bd7 21. Ne2 Bf5 22. Nd4 Bd7 23. h3 Ne4 24. c4 dxc4 25. Bxc4 Kf8 26. Bd5 Rad8 27. c4 a5 28. Rb3 Rb8 29.
Nc6 Bxc6 30. Bxc6 Nc5 31. Rb2 Rec8 32. Bb5 Nd3 33. Rd2 Nxf4 34. Rf1 Nh5 35. Rf5 Ng3 36. Rf3 Ne4 37. Rd4 Nc5 38.
Rxf6 Rc7 39. Rh6 Kg8 40. Rg4+ Kh8 41. Rgh4 f5 42. Rf6 Ne4 43. Rxf5 Nd6 44. Rd5 Nxb5 45. cxb5 Rg8 46. Rd2 Rg6 47. Re4 Kg7 48. Kh2 Rf6 49. Red4 Re7 50. Rg4+ Kf7 51. Rd8 Ke6 52.
Re4+ Kf7 53. Rh4 Kg7 54. Rb8 Rd7 55. Rg4+ Kf7 56. Rc8 Re6 57.
Rf4+ Kg7 58. h4 Rg6 59. h5 Rg5 60. g4 Rgd5 61. Rc2 Rd4 62. Rcf2 Rb4 63. Rxb4 axb4 64. Rb2 Rd4 65. Kg3 b3 66.
Rxb3 Rxa4 67. Rd3 Rb4 68. Rd7+ Kg8 69. Rd5 Kf7 70. Rf5+ Ke7 71. h6 Ke6 72. Kh4 Rc4 73. Rf8 Rc5 74.
Rh8 Kf7 75. g5 Kg6 76. Rg8+ Kf5 77. Rf8+ Ke4 78. Rf7 Rxb5 79. Rxh7 Kf5 80. Rf7+ Kg6 81. Rg7+ Kf5 82. h7 Rb1 83.
Kg3 Rh1 84. g6 Kf6 85. Rg8 1-0

[Event "NK Rapid Vrouwen 2019"]
[Site "Amstelveen, Netherlands"]
[Date "2019.12.01"]
[Round "4.2"]
[White "Haast, Anne"]
[Black "Peng, Zhaoqin"]
[Result "1/2-1/2"]
[TimeControl "15m+10s"]
[WhiteTitle "WGM"]
[BlackTitle "GM"]
[WhiteFideId "1017292"]
[BlackFideId "1004786"]
[WhiteElo "2288"]
[BlackElo "2364"]

1. e4 c6 2. Nc3 d5 3. Nf3 Bg4 4. h3 Bxf3 5. Qxf3 Nf6 6. d3 e6 7. Qg3 h5 8. h4 Nbd7 9. Bd2 Bc5 10.
O-O-O Ng4 11. Be1 Qb8 12. Qxb8+ Rxb8 13. d4 Bb4 14. Bd3 Bxc3 15. bxc3 b5 16. Kd2 Rb6 17. a4 O-O 18. f3 Ngf6 19.
Bg3 Rc8 20. Ra1 a6 21. Rhb1 dxe4 22. fxe4 e5 23. Bf2 Rbb8 24. axb5 axb5 25. Ra7 Rd8 26. Ke2 Re8 27. Kf3 Nb6 28.
Rc7 Re6 29. c4 exd4 30. cxb5 cxb5 31. Rxb5 Rd8 32. Rb4 Ng4 33. Bxd4 Nd7 34. Kg3 Nde5 35. Be2 Rg6 36. Kh3 Nc6 37.
Rxc6 Rxc6 38. c3 Re6 39. Bf3 g6 40. Rb5 Rde8 41. Kg3 Ne5 42. Kf4 Nc6 43. e5 Rd8 44. Bd5 Nxd4 45. cxd4 Re7 46. Ke4 Kg7 47. Bb3 f6 48.
e6 Rc7 49. Rb6 Kf8 50. d5 Ke7 51. Kf4 Rc3 52. Rb7+ Kd6 53. g4 hxg4 54. Kxg4 Re3 55. Kf4 Re5 1/2-1/2

[Event "NK Rapid Vrouwen 2019"]
[Site "Amstelveen, Netherlands"]
[Date "2019.12.01"]
[Round "4.3"]
[White "Keetman, Maaike"]
[Black "Lanchava, Tea"]
[Result "1-0"]
[TimeControl "15m+10s"]
[BlackTitle "IM"]
[WhiteFideId "1033697"]
[BlackFideId "1005308"]
[WhiteElo "2181"]
[BlackElo "2247"]

1. e4 g6 2. d4 Bg7 3. Nf3 d6 4. Nc3 Nf6 5. Be3 a6 6. a4 b6 7. Bd3 Bb7 8. O-O Nbd7 9. h3 O-O 10.
Re1 c5 11. Qd2 Rc8 12. Bh6 cxd4 13. Nxd4 Nc5 14. Bxg7 Kxg7 15. b4 Nxd3 16. cxd3 Qd7 17. Rac1 Rc7 18. Qe3 Rfc8 19. Nde2 Rc6 20.
f4 a5 21. bxa5 bxa5 22. Nb5 Ba6 23. Rxc6 Rxc6 24. Ned4 Rc8 25. Rb1 e5 26. Nf3 Qe6 27. Nxd6 exf4 28. Qd4 Rc6 29. e5 Nh5 30.
Ng5 Qa2 31. e6+ Nf6 32. Re1 Rc2 33. Ne8+ Kh6 34. Nxf7+ Kh5 35. Nxf6+ Kh4 36. Qxf4# 1-0

[Event "NK Rapid Vrouwen 2019"]
[Site "Amstelveen, Netherlands"]
[Date "2019.12.01"]
[Round "4.4"]
[White "Paulet, Iozefina"]
[Black "Jong-Muhren, Bianca de"]
[Result "1-0"]
[TimeControl "15m+10s"]
[WhiteTitle "WGM"]
[BlackTitle "WGM"]
[WhiteFideId "1213261"]
[BlackFideId "1008498"]
[WhiteElo "2294"]
[BlackElo "2249"]

1. e4 c5 2. Nf3 e6 3. b3 Nc6 4. Bb2 d6 5. Bb5 Bd7 6.
O-O a6 7. Bxc6 Bxc6 8. e5 Bxf3 9.
Qxf3 d5 10. c4 Ne7 11. cxd5 Qxd5 12. Qxd5 Nxd5 13. Nc3 Nf4 14. Ne4 Be7 15. Ba3 b6 16. g3 Nd3 17. f4 O-O 18. Rf3 Rfd8 19. Kf1 Rd4 20. Nf2 Nxf2 21.
Rxf2 Rad8 22. Rd1 g5 23. Bb2 Rd3 24.
Ke2 g4 25. Ke1 Kg7 26. Re2 Kg6 27. Rc1 Kf5 28. Rc3 R3d5 29. Rce3 h5 30. Rg2 h4 31.
Kd1 b5 32. Kc2 a5 33. Bc3 h3 34. Rge2 a4 35. bxa4 bxa4 36. Re4 Ra8 37. Rc4 Rd7 38. Ree4 Rda7 39. a3 Bd8 40. d3 Bb6 41.
Be1 Ra5 42. Bxa5 Rxa5 43. Rxa4 Rxa4 44. Rxa4 c4 45. Kd1 Bg1 46. dxc4 Bxh2 47. Ke2 Bxg3 48. Kf1 Bxf4 49. c5 Bxe5 50. c6 Bd6 51. Rd4 Bb8 52.
Rd7 g3 53. Rxf7+ Ke4 54. Rg7 g2+ 55. Kg1 Kf3 56. Rf7+ Kg3 57. Rg7+ Kf3 58. c7 Bxc7 59. Rxc7 e5 60. Rc3+ Kg4 61.
Kh2 e4 62. Rg3+ Kf4 63. Rxh3 1-0

[Event "NK Rapid Vrouwen 2019"]
[Site "Amstelveen, Netherlands"]
[Date "2019.12.01"]
[Round "5.1"]
[White "Lanchava, Tea"]
[Black "Paulet, Iozefina"]
[Result "1-0"]
[TimeControl "15m+10s"]
[WhiteTitle "IM"]
[BlackTitle "WGM"]
[WhiteFideId "1005308"]
[BlackFideId "1213261"]
[WhiteElo "2247"]
[BlackElo "2294"]

1. Nf3 Nf6 2. b3 d6 3. g3 e5 4. d3 Nc6 5. Bg2 g6 6. Bb2 Bg7 7. O-O O-O 8. c4 h6 9. a3 Be6 10.
Nbd2 Qd7 11. b4 Bh3 12. b5 Nd8 13. a4 Bxg2 14. Kxg2 Ne6 15. Nb3 Nh5 16. Qd2 f5 17. h3 e4 18.
Nfd4 Ng5 19. f4 exf3+ 20. exf3 Nxh3 21. Kxh3 f4+ 22. g4 Ng3 23. Rfe1 h5 24. Ne6 hxg4+ 25. fxg4 Bxb2 26. Nxf8 Rxf8 27.
Qxb2 Qh7+ 28. Kg2 Qh4 29. Kf3 Ne2 30. Rxe2 Qg3+ 31. Ke4 f3 32. Kd4 Qf4+ 33. Kc3 fxe2 34. Qxe2 c5 35. Re1 Kg7 36. Qe4 Qf6+ 37. Kc2 Rf7 38. Nd2 Qd8 39. Rf1 Rxf1 40.
Nxf1 Qa5 41. Qxb7+ Kh6 42. g5+ Kxg5 43.
Qd5+ Kh6 44. Qxd6 Qxa4+ 45. Kd2 Qa1 46.
Qf4+ Kg7 47. Ke2 Qb2+ 48. Kf3 Qb1 49. Ke4 Qa1 50. Qe5+ 1-0

[Event "NK Rapid Vrouwen 2019"]
[Site "Amstelveen, Netherlands"]
[Date "2019.12.01"]
[Round "5.2"]
[White "Jong-Muhren, Bianca de"]
[Black "Ratsma, Rosa"]
[Result "1-0"]
[TimeControl "15m+10s"]
[WhiteTitle "WGM"]
[BlackTitle "WIM"]
[WhiteFideId "1008498"]
[BlackFideId "1033662"]
[WhiteElo "2249"]
[BlackElo "2274"]

1. e4 c5 2. Nf3 d6 3. d4 cxd4 4. Nxd4 Nf6 5. Nc3 a6 6. Be3 e6 7. Be2 Be7 8. O-O O-O 9. f4 Qc7 10.
a4 b6 11. Bf3 Bb7 12. g4 Nc6 13. g5 Nd7 14. Bg2 Nxd4 15. Bxd4 e5 16. Be3 exf4 17. Bxf4 Qc5+ 18. Kh1 Rac8 19.
Rf3 f6 20. Bh3 f5 21. Nd5 Bxd5 22. exd5 Qxc2 23. Qxc2 Rxc2 24. Re1 Ne5 25. Bxe5 dxe5 26. Bxf5 Rxb2 27. Rxe5 Bd6 28. Be6+ Kh8 29.
Rxf8+ Bxf8 30. Bc8 Kg8 31. Be6+ Kh8 32. Bc8 Kg8 33. Re6 Rd2 34. Rxb6 Kf7 35. Rxa6 Bc5 36. Rc6 Be3 37. g6+ hxg6 38.
a5 Bf4 39. h3 Rh2+ 40. Kg1 1-0

[Event "NK Rapid Vrouwen 2019"]
[Site "Amstelveen, Netherlands"]
[Date "2019.12.01"]
[Round "5.3"]
[White "Roebers, Eline"]
[Black "Haast, Anne"]
[Result "1-0"]
[TimeControl "15m+10s"]
[BlackTitle "WGM"]
[WhiteFideId "1058401"]
[BlackFideId "1017292"]
[WhiteElo "2102"]
[BlackElo "2288"]

1. e4 c5 2. Nf3 e6 3. d4 cxd4 4. Nxd4 Nc6 5. Nc3 Qc7 6. f4 a6 7. Nxc6 Qxc6 8. Bd3 b5 9. Qe2 Bb7 10. Bd2 Bc5 11. O-O-O Ne7 12. a3 O-O 13. Qh5 b4 14.
axb4 Bxb4 15. e5 g6 16. Qh4 Nf5 17. Bxf5 exf5 18. Nd5 Qxd5 19. Bxb4 Qxg2 20. Rhg1 Qe2 21. Bxf8 Rxf8 22. Rge1 Qb5 23.
Qe7 Bc6 24. Kb1 Qc4 25. Rf1 Qe2 26. h4 Rc8 27. Qc5 Bb7 28. Qf2 Qb5 29. Qd4 Be4 30. Rf2 Rb8 31. h5 h6 32. hxg6 fxg6 33. Qc3 Qc6 34. Qxc6 Bxc6 35.
Rd6 Kf7 36. Rfd2 Rb7 37. e6+ Ke7 38. exd7 Rxd7 39. Rxd7+ Bxd7 40. Rh2 h5 41. c4 Be6 42. c5 Bd5 43. Kc2 a5 44. Kc3 Kd7 45. Kd4 Kc6 46. Re2 Be4 47. Re3 Bd5 48. Ra3 Bg2 49.
Rg3 Be4 50. Rxg6+ Kc7 51. Rg5 Bf3 52. Rxf5 h4 53. Rf7+ Kc6 54. Rf6+ Kb5 55. Rh6 1-0

[Event "NK Rapid Vrouwen 2019"]
[Site "Amstelveen, Netherlands"]
[Date "2019.12.01"]
[Round "5.4"]
[White "Peng, Zhaoqin"]
[Black "Keetman, Maaike"]
[Result "1-0"]
[TimeControl "15m+10s"]
[WhiteTitle "GM"]
[WhiteFideId "1004786"]
[BlackFideId "1033697"]
[WhiteElo "2364"]
[BlackElo "2181"]

1. d4 Nf6 2. Nf3 e6 3. e3 d5 4. Bd3 c5 5. c3 Nc6 6. Nbd2 Be7 7. O-O O-O 8. dxc5 Bxc5 9. b4 Bd6 10.
a3 Qc7 11. Bb2 a5 12. Qc2 h6 13. h3 b6 14. b5 Ne5 15. Nxe5 Bxe5 16. Nf3 Bd6 17. c4 Qe7 18. Nd4 Bb7 19.
Nc6 Qc7 20. Bxf6 gxf6 21. cxd5 exd5 22. Qe2 Rfe8 23. Qg4+ Kf8 24. Rfc1 Bc5 25. Qh5 Bxc6 26. bxc6 Qxc6 27. Qxh6+ Ke7 28. Qf4 Rg8 29. Be2 Qd6 30.
Qxd6+ Kxd6 31. Rd1 Ke5 32. Bf3 Rad8 33. a4 d4 34. exd4+ Rxd4 35. Rxd4 Bxd4 36. Re1+ Kd6 37. Rd1 Ke5 38.
h4 Rh8 39. h5 f5 40. Rc1 Bc5 41. Kf1 Kf4 42. Rd1 Kg5 43. Rd7 Kf6 44. g3 Rg8 45. Bd5 Rg7 46. Ke2 Rh7 47. Bf3 Rh8 48.
Rc7 Re8+ 49. Kf1 Rd8 50. Be2 Kg7 51. f4 Rd4 52. Bb5 Kh6 53. Rxf7 Kxh5 54. Rxf5+ Kg4 55. Rg5+ Kf3 56. Bc6+ Ke3 57. Re5+ Kd2 58. Kg2 Bd6 59.
Re6 Rd3 60. Bb5 Rd4 61. Kf3 Kc3 62. Re3+ Kd2 63. Re4 Rd5 64. g4 Kc3 65. f5 Be5 66. g5 Bd4 67. Kg4 Rd8 68. f6 Rf8 69.
Kf5 Rf7 70. Rxd4 Kxd4 71. g6 Rc7 72. g7 1-0

[Event "NK Rapid Vrouwen 2019"]
[Site "Amstelveen, Netherlands"]
[Date "2019.12.01"]
[Round "6.1"]
[White "Peng, Zhaoqin"]
[Black "Roebers, Eline"]
[Result "1/2-1/2"]
[TimeControl "15m+10s"]
[WhiteTitle "GM"]
[WhiteFideId "1004786"]
[BlackFideId "1058401"]
[WhiteElo "2364"]
[BlackElo "2102"]

1. d4 Nf6 2. Nf3 g6 3. c4 Bg7 4. Nc3 O-O 5. e4 d6 6. Be3 e5 7. dxe5 dxe5 8. Qxd8 Rxd8 9. Nd5 Nxd5 10.
cxd5 c6 11. Bc4 cxd5 12. Bxd5 Nc6 13. O-O-O Bd7 14. Kb1 h6 15. a3 b6 16. Rd3 Rac8 17. Rhd1 Be8 18. b4 Kf8 19. Rc3 Ne7 20.
Rxc8 Nxc8 21. Rc1 Ne7 22. Bb3 Rc8 23. Nd2 Rxc1+ 24. Kxc1 Nc6 25. Bd5 f5 26. f3 1/2-1/2